 Dungeon Crawl Stone Soup version 0.24.0-123-gd5b16e6ec5 (webtiles) character file.

Game seed: 3213467937666841492, levelgen mode: deterministic

123 ReteAZ the Poker (level 5, 0/41 HPs)
             Began as a Merfolk Gladiator on Dec 29, 2019.
             Slain by a jelly (2 damage)
             ... on level 2 of the Dungeon.
             The game lasted 00:04:01 (1877 turns).

ReteAZ the Poker (Merfolk Gladiator)                Turns: 1877, Time: 00:04:02

Health: 0/41       AC:  0    Str: 15    XL:     5   Next: 7%
Magic:  1/1        EV: 14    Int:  8    God:
Gold:   95         SH:  0    Dex: 15    Spells: 4/4 levels left

rFire    . . .     SeeInvis .   i - +0 spear (antimagic)
rCold    . . .     Gourm    .   (no shield)
rNeg     . . .     Faith    .   b - +0 leather armour
rPois    .         Spirit   .   c - +0 helmet
rElec    .         Reflect  .   (no cloak)
rCorr    .         Harm     .   (no gloves)
MR       .....                  (no boots)
Stlth    +.........             (no amulet)
HPRegen  0.13/turn              (no ring)
MPRegen  0.07/turn              (no ring)

@: corroded
A: change form in water, swift swim, stealthy swim
a: no special abilities


You were on level 2 of the Dungeon.
You were not hungry.

You visited 1 branch of the dungeon, and saw 4 of its levels.

You collected 95 gold pieces.

Inventory:

Hand Weapons
 a - a +0 trident
 i - a +0 antimagic spear (weapon)
Missiles
 d - 3 throwing nets (quivered)
 m - 77 stones
Armour
 b - a +0 leather armour (worn)
 c - a +0 helmet (worn)
Jewellery
 j - a cursed ring of teleportation {unknown}
Wands
 n - a wand of acid (3)
Scrolls
 h - 3 scrolls of identify {unknown}
 k - a scroll of enchant armour {unknown}
 l - a scroll of teleportation {unknown}
Potions
 e - 2 potions of curing
 g - a potion of magic {unknown}
Comestibles
 f - 5 rations


   Skills:
 + Level 3.0 Fighting
 * Level 6.2 Polearms
 - Level 2.1 Throwing
 - Level 1.0 Armour
 + Level 5.0 Dodging


You had 4 spell levels left.
You didn't know any spells.
Your spell library contained the following spells:

 Spells                   Type           Power        Failure   Level  Hunger
 Beastly Appendage        Tmut           #.....       47%         1    ##.....
 Sticks to Snakes         Tmut           #.......     63%         2    ###....
 Spider Form              Tmut/Pois      #.........   85%         3    ####...
 Ice Form                 Ice/Tmut       #.......     99%         4    #####..
 Blade Hands              Tmut           #.........   100%        5    ######.


Dungeon Overview and Level Annotations

Branches:
Dungeon (4/15)
 Temple: D:4-7

Altars:


Message History

The jelly hits you.
You are splashed with acid!
* * * LOW HITPOINT WARNING * * *
You hit the jelly.
Your hands burn!
* * * LOW HITPOINT WARNING * * *
The jelly is almost dead.
The jelly closely misses you.
You feel better. The jelly completely misses you.
You hit the jelly but do no damage.
Your hands burn!
* * * LOW HITPOINT WARNING * * *
The jelly is almost dead.
The jelly barely misses you.
You hit the jelly but do no damage.
Your hands burn!
* * * LOW HITPOINT WARNING * * *
The jelly is almost dead.
The ooze jiggles.
You hit the jelly.
Your hands burn!
* * * LOW HITPOINT WARNING * * *
The jelly is almost dead.
The jelly hits you.
You die...

.##.# #.......#
#...........# .##.#
#.......#
########.#### .##.#
#..J....# #.....####
....# ##.....##
########.#..... .####
##...##
#.>........#### .#
##'''## #..........#
.# #.....#
#..........# .#
###)#######.........##
.# #.).JJ@...........#
.# #########.........#
.# #.........# .#
#.........# ##
#.........#
#.........#
###########


You could see a jelly and an ooze.

Vanquished Creatures
  A howler monkey (D:2)
  An adder (D:2)
  4 oozes (D:2)
  A worm (D:2)
  A dart slug (D:2)
  A leopard gecko (D:2)
  5 bats
  A giant cockroach (D:2)
  6 goblins
  5 hobgoblins
  4 jackals (D:1)
  11 kobolds (D:2)
  2 quokkas (D:2)
  2 frilled lizards
  5 rats
50 creatures vanquished.

Vanquished Creatures (others)
  9 fungi (D:2)
  10 toadstools (D:2)
19 creatures vanquished.

Grand Total: 69 creatures vanquished

Notes
Turn   | Place    | Note
-------+----------+-------------------------------------------
     0 | D:1      | ReteAZ the Merfolk Gladiator began the quest for the Orb.
     0 | D:1      | Reached XP level 1. HP: 16/16 MP: 1/1
   263 | D:1      | Reached XP level 2. HP: 22/22 MP: 0/2
   521 | D:1      | Reached skill level 5 in Polearms
   824 | D:2      | Reached XP level 3. HP: 20/28 MP: 1/3
   918 | D:2      | You fall into a shaft and drop 2 floors!
   962 | D:4      | Noticed an ogre
  1001 | D:2      | Reached XP level 4. HP: 7/34 MP: 1/4
  1489 | D:2      | Reached skill level 1 in Armour
  1504 | D:2      | Reached skill level 6 in Polearms
  1546 | D:2      | Reached skill level 5 in Dodging
  1853 | D:2      | Reached XP level 5. HP: 41/41 MP: 1/5
  1877 | D:2      | HP: 2/41 [acid (5)]
  1877 | D:2      | Slain by a jelly

Levels and vault maps discovered:
D:1:      lemuel_arrival_muddy, layout_loops_ring
D:2:      cheibrodos_fertilizer, layout_basic
D:3:      layout_basic, first_ration, uniq_grinder, uniq_jessica, uniq_sigmund
D:4:      layout_loops_corners, minmay_temple_entry_fiery,
          kennysheep_generic_room_8

Skill      XL: |  1  2  3  4 |
---------------+-------------+-----
Polearms       | 5 6 |  6.2
Armour         | 1 |  1.0
Fighting       | 3 |  3.0
Dodging        | 5 |  5.0
Throwing       | |  2.1

Action                   |  1- 3 |  4- 6 || total
-------------------------+-------+-------++-------
Melee: Spear             |   106 |   107 ||   213
       Trident           |     1 |       ||     1
  Use: Potion            |       |     3 ||     3
  Eat: Chunk             |       |     3 ||     3
Armor: Leather armour    |    18 |     9 ||    27
       Skin              |       |    32 ||    32
Dodge: Dodged            |    74 |    41 ||   115
